[Event "International chess holiday M11"]
[Site "Praha"]
[Date "2012.07.15"]
[Round "1"]
[White "Reichmann, Steffen"]
[Black "Gregor, Jiøí"]
[Result "0-1"]
[ECO "B12"]
[WhiteElo "1995"]
[BlackElo "2281"]
[Annotator ",Martin"]
[PlyCount "60"]
[TimeControl "240+2"]

1. e4 c6 2. d4 d5 3. f3 dxe4 4. fxe4 e5 5. Nf3 Bg4 6. Bc4
Nd7 7. O-O Ngf6 8. c3 Bd6 9. Qb3 Qe7 10. Qxb7 O-O 11. Bg5 Rab8 12. Qxa7 exd4
13. cxd4 Qxe4 14. Nbd2 Qg6 15. b3 Nd5 16. Bxd5 cxd5 17. Qa5 h6 18. Bh4 Be6 19.
Qc3 Rbc8 20. Qe3 Ba3 21. Ne5 Nxe5 22. Qxe5 Rc2 23. Rf2 Rfc8 24. Bg3 Qd3 25. Nf1
Bb2 26. Re1 Bxd4 27. Qf4 Bxf2+ 28. Bxf2 Rxa2 29. Bd4 Rcc2 30. Be3 Rd2 0-1

[Event "International chess holiday M11"]
[Site "Praha"]
[Date "2012.07.15"]
[Round "1"]
[White "Klaus, Beckmann"]
[Black "Staffan, Thomasson"]
[Result "1-0"]
[ECO "B00"]
[WhiteElo "2149"]
[BlackElo "1931"]
[Annotator ",Martin"]
[PlyCount "37"]
[TimeControl "240+2"]

1. e4 c5 2. c3 e6 3. d4 b6 4. Nf3 Bb7 5. Bd3 Nf6 6. Qe2
Be7 7. O-O O-O 8. a3 d6 9. Rd1 Nbd7 10. Nbd2 Qc7 11. Nf1 Rac8 12. Bg5 h6 13.
Bh4 Rfe8 14. h3 Bd8 15. Bg3 Qb8 16. e5 dxe5 17. dxe5 Bxf3 18. gxf3 c4 19. Bxc4
1-0

[Event "International chess holiday M11"]
[Site "Praha"]
[Date "2012.07.15"]
[Round "1"]
[White "Zellner, Richard"]
[Black "Krtouš, Zdenìk"]
[Result "1-0"]
[ECO "B51"]
[WhiteElo "2161"]
[BlackElo "2025"]
[Annotator ",Martin"]
[PlyCount "45"]
[TimeControl "240+2"]

1. e4 c5 2. Nf3 Nc6 3. Bb5 e6 4. O-O d6 5. c3 Nf6 6. Re1
Bd7 7. d4 a6 8. Ba4 b5 9. Bb3 Be7 10. dxc5 dxc5 11. e5 Ng8 12. Nbd2 Qc7 13. a4
Rd8 14. axb5 axb5 15. Qe2 Nh6 16. Ne4 c4 17. Bc2 Nxe5 18. Bf4 Nxf3+ 19. Qxf3 e5
20. Bxh6 gxh6 21. Nf6+ Kf8 22. Nxh7+ Ke8 23. Qg3 1-0

[Event "International chess holiday M11"]
[Site "Praha"]
[Date "2012.07.15"]
[Round "1"]
[White "Hába, Zdenìk"]
[Black "Šimeèek, Bohumil"]
[Result "1-0"]
[ECO "D11"]
[WhiteElo "2209"]
[BlackElo "2129"]
[Annotator ",Martin"]
[PlyCount "99"]
[TimeControl "240+2"]

1. d4 d5 2. c4 c6 3. Nf3 Nf6 4. Nbd2 Bf5 5. Qb3 Qc7 6. Nh4
Be6 7. Qc2 Qc8 8. e4 dxe4 9. Nxe4 Nxe4 10. Qxe4 Nd7 11. Bd3 Nf6 12. Qe2 g6 13.
O-O Bg7 14. h3 O-O 15. f4 Nh5 16. Qf2 Qd7 17. Be3 Bf5 18. Nxf5 gxf5 19. Rad1
Rfd8 20. Be2 Nf6 21. Bf3 Qe6 22. b3 Ne4 23. Bxe4 Qxe4 24. Rfe1 Qe6 25. d5 cxd5
26. Bxa7 Qa6 27. Bb6 Rd6 28. Bc5 Rg6 29. Rxd5 Qxa2 30. Rd8+ Bf8 31. Rxa8 Qxa8
32. Bxe7 Bg7 33. Kh2 h6 34. Qd2 Kh7 35. Re2 Qa1 36. Bc5 h5 37. Qd5 Qb1 38. Qxf7
Qxb3 39. Qxf5 Qxc4 40. Qxh5+ Rh6 41. Qf5+ Rg6 42. Rc2 Qf1 43. Rf2 Qc1 44. h4
Kh6 45. h5 Rf6 46. Qg5+ Kh7 47. Bd4 Rf7 48. Qg6+ Kg8 49. h6 Rd7 50. Bxg7 1-0

[Event "International chess holiday M11"]
[Site "Praha"]
[Date "2012.07.15"]
[Round "1"]
[White "Žák , Zbynìk"]
[Black "Manigk, Sebastian"]
[Result "1/2-1/2"]
[ECO "A46"]
[WhiteElo "2030"]
[BlackElo "2237"]
[Annotator ",Martin"]
[PlyCount "111"]
[TimeControl "240+2"]

1. d4 Nf6 2. Nf3 e6 3. Bg5 h6 4. Bxf6 Qxf6 5. c3 d5 6.
Nbd2 c5 7. e4 cxd4 8. Nxd4 Nc6 9. Nb5 Qe5 10. Qe2 a6 11. Nf3 Qb8 12. exd5 axb5
13. dxc6 bxc6 14. Nd4 Bd7 15. Qf3 Qe5+ 16. Be2 Qd5 17. Qxd5 exd5 18. O-O Bd6
19. Bd3 g6 20. Rae1+ Kf8 21. a3 Kg7 22. f4 Rhe8 23. f5 Rxe1 24. Rxe1 Rb8 25.
fxg6 fxg6 26. g3 c5 27. Ne6+ Kf6 28. Nf4 Bxf4 29. gxf4 b4 30. axb4 cxb4 31. Ra1
Rb6 32. cxb4 Rxb4 33. Ra6+ Be6 34. Bxg6 Rxf4 35. Be8 Ke5 36. Ra4 Rf8 37. Bh5
Bh3 38. Be2 Rg8+ 39. Kf2 Rg2+ 40. Kf3 Rxh2 41. Rh4 Bg2+ 42. Kg3 Rxh4 43. Kxh4
Kf4 44. b4 Ke3 45. Bd1 d4 46. b5 d3 47. b6 d2 48. Kg3 Bb7 49. Bh5 Ba6 50. Bd1
Bc8 51. Bh5 Kd3 52. Bd1 Kc3 53. Kh4 Kb2 54. Kh5 Kc1 55. Bf3 Bb7 56. Be2 1/2-1/2

[Event "International chess holiday M11"]
[Site "Praha"]
[Date "2012.07.15"]
[Round "2"]
[White "Reichmann, Steffen"]
[Black "Žák, Zbynìk"]
[Result "1/2-1/2"]
[ECO "B01"]
[WhiteElo "1955"]
[BlackElo "2030"]
[Annotator ",Martin"]
[PlyCount "30"]
[TimeControl "240+2"]

1. e4 d5 2. exd5 Nf6 3. Bb5+ Bd7 4. Bc4 b5 5. Bb3 a5 6. a4
bxa4 7. Bc4 c6 8. dxc6 Bxc6 9. Nf3 Nbd7 10. d4 e6 11. O-O Bd6 12. Na3 Nb6 13.
Bd3 O-O 14. Bg5 Bxa3 15. Rxa3 Bxf3 1/2-1/2

[Event "International chess holiday M11"]
[Site "Praha"]
[Date "2012.07.15"]
[Round "2"]
[White "Gregor, Jiøí"]
[Black "Thomasson , Staffan"]
[Result "1-0"]
[ECO "A35"]
[WhiteElo "2281"]
[BlackElo "1931"]
[Annotator ",Martin"]
[PlyCount "39"]
[TimeControl "240+2"]

1. d4 g6 2. c4 Bg7 3. Nc3 c5 4. Nf3 cxd4 5. Nxd4 Nc6 6.
Nc2 f5 7. h4 Nf6 8. h5 gxh5 9. e3 O-O 10. Be2 Qe8 11. Nd5 Ng4 12. Nc7 Qg6 13.
Nxa8 Be5 14. f4 Bb8 15. b3 Nf6 16. Bxh5 Qg3+ 17. Kf1 Ne4 18. Qe1 Qg7 19. Rh3
Qxa1 20. Nxa1 1-0

[Event "International chess holiday M11"]
[Site "Praha"]
[Date "2012.07.15"]
[Round "2"]
[White "Manigk, Sebastian"]
[Black "Zellner, Richard"]
[Result "1-0"]
[ECO "A44"]
[WhiteElo "2237"]
[BlackElo "2161"]
[Annotator ",Martin"]
[PlyCount "73"]
[TimeControl "240+2"]

1. d4 c5 2. d5 e5 3. e4 d6 4. Bb5+ Nd7 5. a4 Be7 6. Nf3
Ngf6 7. Nc3 a6 8. Be2 Nf8 9. Nd2 Ng6 10. Nc4 h5 11. O-O Bg4 12. f3 Bd7 13. a5
Rc8 14. Nb6 Rc7 15. g3 h4 16. g4 Nh7 17. Bc4 Bg5 18. Ne2 O-O 19. h3 Qf6 20. Kg2
Bb5 21. Bxb5 axb5 22. c4 b4 23. Rf2 Bf4 24. a6 bxa6 25. Rxa6 Ng5 26. Na4 Rfc8
27. b3 Kh7 28. Nb2 Qe7 29. Bxf4 exf4 30. Nd3 Nxe4 31. fxe4 Qxe4+ 32. Rf3 Re8
33. Nexf4 Rce7 34. Nxg6 fxg6 35. Nf2 Qe5 36. Qa1 Qe2 37. Ra2 1-0

[Event "International chess holiday M11"]
[Site "Praha"]
[Date "2012.07.15"]
[Round "2"]
[White "Krtouš, Zdenìk"]
[Black "Hába, Zdenìk"]
[Result "0-1"]
[ECO "B90"]
[WhiteElo "2025"]
[BlackElo "2209"]
[Annotator ",Martin"]
[PlyCount "82"]
[TimeControl "240+2"]

1. e4 c5 2. Nf3 d6 3. d4 cxd4 4. Nxd4 Nf6 5. Nc3 a6 6. h3
g6 7. g4 Qa5 8. Bg2 h5 9. Nb3 Qd8 10. gxh5 Rxh5 11. Be3 Nc6 12. f4 Bg7 13. Qf3
Bd7 14. O-O-O Qc7 15. Qf2 b5 16. e5 dxe5 17. fxe5 Rxe5 18. Bf4 Rf5 19. Bxc7
Rxf2 20. Rh2 Bh6+ 21. Kb1 Bf4 22. Bxf4 Rxf4 23. Nc5 Rc8 24. Nxd7 Nxd7 25. Bxc6
Rxc6 26. Rhd2 Rd6 27. Rxd6 exd6 28. Rxd6 Rf1+ 29. Rd1 Rxd1+ 30. Nxd1 Ke7 31.
Kc1 Kf6 32. Nc3 Kg5 33. a4 bxa4 34. Nxa4 Kh4 35. c4 Kxh3 36. Kd2 g5 37. Ke2 g4
38. Nc3 g3 39. Kf1 Kh2 40. Ne2 g2+ 41. Kf2 Nc5 0-1

[Event "International chess holiday M11"]
[Site "Praha"]
[Date "2012.07.15"]
[Round "2"]
[White "Šimeèek, Bohumil"]
[Black "Beckmann, Klaus"]
[Result "1/2-1/2"]
[ECO "D41"]
[WhiteElo "2129"]
[BlackElo "2149"]
[Annotator ",Martin"]
[PlyCount "90"]
[TimeControl "240+2"]

1. d4 Nf6 2. c4 e6 3. Nc3 d5 4. cxd5 Nxd5 5. e4 Nxc3 6.
bxc3 c5 7. Nf3 cxd4 8. cxd4 Bb4+ 9. Bd2 Bxd2+ 10. Qxd2 O-O 11. Be2 b6 12. O-O
Bb7 13. Qe3 Nd7 14. a4 Nf6 15. Nd2 Rc8 16. Rfc1 Rxc1+ 17. Rxc1 Qa8 18. f3 Rc8
19. Ra1 Qb8 20. Nb3 h6 21. Rc1 Rxc1+ 22. Qxc1 Qd8 23. Bb5 Qc8 24. Kf2 Qxc1 25.
Nxc1 Kf8 26. Ke3 Ke7 27. Nd3 a6 28. Bc4 Nd7 29. Nb4 Nb8 30. g3 g5 31. f4 f6 32.
d5 a5 33. Na2 exd5 34. exd5 Nd7 35. Nc3 f5 36. Kd4 gxf4 37. gxf4 Kf6 38. Bb5
Nc5 39. Kc4 Bc8 40. Kd4 Nb3+ 41. Ke3 Nc5 42. Nb1 Bb7 43. Nc3 Bc8 44. Nb1 Bb7
45. Nc3 Bc8 1/2-1/2

[Event "International chess holiday M11"]
[Site "Praha"]
[Date "2012.07.16"]
[Round "3"]
[White "Hába, Zdenìk"]
[Black "Manigk, Sebastian"]
[Result "1/2-1/2"]
[ECO "E11"]
[WhiteElo "2209"]
[BlackElo "2175"]
[Annotator ",Martin"]
[PlyCount "35"]
[TimeControl "240+2"]

1. d4 Nf6 2. c4 e6 3. g3 d5 4. Bg2 Bb4+ 5. Bd2 Be7 6. Nf3
c6 7. Qb3 b6 8. cxd5 cxd5 9. Bb4 O-O 10. Bxe7 Qxe7 11. Nc3 Ba6 12. Ne5 Nfd7 13.
Nxd7 Nxd7 14. Qa4 Bb7 15. O-O Rfc8 16. e3 a5 17. Rfc1 Ba6 18. Bf1 1/2-1/2

[Event "International chess holiday M11"]
[Site "Praha"]
[Date "2012.07.16"]
[Round "3"]
[White "Žák , Zbynìk"]
[Black "Gregor, Jiøí"]
[Result "1/2-1/2"]
[ECO "A03"]
[WhiteElo "2030"]
[BlackElo "2265"]
[Annotator ",Martin"]
[PlyCount "44"]
[TimeControl "240+2"]

1. d4 c5 2. e3 d5 3. f4 Nc6 4. Nf3 Bg4 5. c3 Bxf3 6. Qxf3
e6 7. Bd3 Nf6 8. O-O Qb6 9. Nd2 Rc8 10. Kh1 h5 11. Qh3 g6 12. a4 Be7 13. Nf3
Ng4 14. Ne5 Bf6 15. Nxg4 hxg4 16. Qxg4 Ke7 17. Qf3 cxd4 18. exd4 Nxd4 19. cxd4
Rxh2+ 20. Kxh2 Rh8+ 21. Qh3 Rxh3+ 22. Kxh3 Bxd4 1/2-1/2

[Event "International chess holiday M11"]
[Site "Praha"]
[Date "2012.07.16"]
[Round "3"]
[White "Beckmann, Klaus"]
[Black "Krtouš, Zdenìk"]
[Result "1-0"]
[ECO "B07"]
[WhiteElo "2040"]
[BlackElo "2025"]
[Annotator ",Martin"]
[PlyCount "73"]
[TimeControl "240+2"]

1. e4 c5 2. c3 d6 3. d4 Nf6 4. Bd3 g6 5. Nf3 Bg7 6. O-O
O-O 7. h3 Qc7 8. Re1 Rd8 9. Bg5 h6 10. Bh4 e5 11. dxe5 dxe5 12. Qe2 Nc6 13. Bc4
Rd6 14. Nbd2 Be6 15. Bxf6 Bxc4 16. Nxc4 Rxf6 17. a4 Re6 18. Nfd2 Rd8 19. Nf1
Na5 20. Nfe3 Nxc4 21. Qxc4 Qc6 22. Nd5 Rd7 23. f3 Bf6 24. Red1 Bd8 25. Qb5 Red6
26. c4 a5 27. Rd3 Qxb5 28. axb5 b6 29. Rad1 Kg7 30. Kf2 h5 31. g3 h4 32. g4 f6
33. Ke2 Kf7 34. Nxf6 Rxd3 35. Nxd7 Rxd1 36. Kxd1 Ke7 neèitelné 1-0

[Event "International chess holiday M11"]
[Site "Praha"]
[Date "2012.07.16"]
[Round "3"]
[White "Zellner, Richard"]
[Black "Reichmann, Steffen"]
[Result "1-0"]
[ECO "B08"]
[WhiteElo "2099"]
[BlackElo "1954"]
[Annotator ",Martin"]
[PlyCount "85"]
[TimeControl "240+2"]

1. e4 d6 2. d4 Nf6 3. Nc3 g6 4. Nf3 Bg7 5. Be2 O-O 6. O-O
c6 7. h3 Qc7 8. Bf4 Nh5 9. Be3 e5 10. Re1 Nf4 11. Bf1 f5 12. Bxf4 exf4 13. e5
d5 14. h4 Qe7 15. Qd2 Bh6 16. Ne2 Be6 17. Nxf4 Bxf4 18. Qxf4 Nd7 19. b3 b5 20.
a4 b4 21. g3 a5 22. Kg2 Kg7 23. h5 Rfd8 24. Be2 Rh8 25. Rh1 Rae8 26. Rac1 c5
27. c3 c4 28. cxb4 Qxb4 29. hxg6 hxg6 30. Rxh8 Rxh8 31. Ng5 Nf8 32. bxc4 dxc4
33. Qe3 Bd5+ 34. Bf3 Qb7 35. Rxc4 Rh5 36. Rc5 Qb1 37. Qc1 Bxf3+ 38. Nxf3 Qe4
39. Rxa5 g5 40. Qc7+ Kh6 41. Qf7 Ng6 42. Ra6 f4 43. Qf8+ 1-0

[Event "International chess holiday M11"]
[Site "Praha"]
[Date "2012.07.16"]
[Round "3"]
[White "Thomasson, Stafan"]
[Black "Šimeèek, Bohumil"]
[Result "0-1"]
[ECO "A26"]
[WhiteElo "1931"]
[BlackElo "2129"]
[Annotator ",Martin"]
[PlyCount "68"]
[TimeControl "240+2"]

1. c4 e5 2. g3 g6 3. Bg2 Bg7 4. Nc3 Ne7 5. d3 Nbc6 6. Nf3
O-O 7. Bg5 h6 8. Bd2 d6 9. O-O Be6 10. Rb1 Qd7 11. b4 Bh3 12. b5 Nd8 13. Bxh3
Qxh3 14. Nd5 Qd7 15. Qc1 g5 16. h4 f6 17. hxg5 fxg5 18. Kg2 Ne6 19. Rh1 Rf7 20.
Rh2 Raf8 21. Kg1 Nf5 22. Bc3 g4 23. Nd2 Ng5 24. Ne4 Nh3+ 25. Rxh3 gxh3 26. Qf1
c6 27. bxc6 bxc6 28. Nb4 d5 29. g4 h2+ 30. Kh1 Ne3 31. Qh3 Nxg4 32. cxd5 cxd5
33. Nxd5 Nxf2+ 34. Nxf2 Qxd5+ 0-1

[Event "International chess holiday M11"]
[Site "Praha"]
[Date "2012.07.17"]
[Round "4"]
[White "Žák, Zbynìk"]
[Black "Zellner, Richard"]
[Result "1/2-1/2"]
[ECO "D02"]
[WhiteElo "2030"]
[BlackElo "2099"]
[Annotator ",Martin"]
[PlyCount "55"]
[TimeControl "240+2"]

1. d4 d5 2. Nf3 Nf6 3. Bf4 g6 4. e3 Bg7 5. Bd3 O-O 6. Nbd2
Nbd7 7. O-O c5 8. c3 b6 9. Be5 Bb7 10. a4 a6 11. Qb1 Rc8 12. b4 cxd4 13. cxd4
Nxe5 14. Nxe5 Nd7 15. Nxd7 Qxd7 16. a5 e5 17. b5 axb5 18. Bxb5 Bc6 19. Bxc6
Rxc6 20. axb6 exd4 21. Ra7 Qd6 22. b7 dxe3 23. fxe3 Rb6 24. Qd3 Qb8 25. Ra5
Qxb7 26. Qxd5 Qe7 27. Nc4 Rf6 28. Ra8 1/2-1/2

[Event "International chess holiday M11"]
[Site "Praha"]
[Date "2012.07.17"]
[Round "4"]
[White "Reichmann, Steffen"]
[Black "Hába, Zdenìk"]
[Result "0-1"]
[ECO "B06"]
[WhiteElo "1954"]
[BlackElo "2209"]
[Annotator ",Martin"]
[PlyCount "64"]
[TimeControl "240+2"]

1. e4 g6 2. h4 h5 3. d4 Bg7 4. Nf3 c6 5. Nc3 d5 6. e5 Bg4
7. Be2 Nh6 8. Ng5 Bxe2 9. Nxe2 c5 10. c3 Nc6 11. e6 cxd4 12. exf7+ Nxf7 13. Ne6
Qd6 14. Nxg7+ Kf8 15. Bf4 e5 16. Nxd4 Kxg7 17. Nb5 Qd7 18. Bg3 a6 19. Na3 Rad8
20. O-O Nh6 21. Qe2 Rhe8 22. f3 Nf5 23. Bf2 Qe7 24. g3 e4 25. Bb6 Nxg3 26. Qf2
Nxf1 27. Bxd8 Qxd8 28. Rxf1 e3 29. Qg3 d4 30. Nc4 d3 31. Nd6 e2 32. Nxe8+ Qxe8
0-1

[Event "International chess holiday M11"]
[Site "Praha"]
[Date "2012.07.17"]
[Round "4"]
[White "Gregor, Jiøí"]
[Black "Šimeèek, Bohumil"]
[Result "1-0"]
[ECO "D91"]
[WhiteElo "2281"]
[BlackElo "2129"]
[Annotator ",Martin"]
[PlyCount "59"]
[TimeControl "240+2"]

1. d4 d5 2. c4 c6 3. Nc3 Nf6 4. Nf3 g6 5. Bg5 Bg7 6. e3
O-O 7. Qb3 dxc4 8. Bxc4 b5 9. Be2 Be6 10. Qc2 Nbd7 11. O-O a6 12. Rfd1 Nd5 13.
e4 Nxc3 14. bxc3 Nb6 15. Ne1 Bc4 16. Bf3 Qc7 17. Nd3 Rfe8 18. Nb2 e5 19. Nxc4
Nxc4 20. Be2 Nb6 21. Rac1 Rac8 22. g3 c5 23. d5 Qd6 24. c4 b4 25. h4 a5 26. Be3
a4 27. h5 a3 28. Bg4 Ra8 29. Kg2 neèitelné 1-0

[Event "International chess holiday M11"]
[Site "Praha"]
[Date "2012.07.17"]
[Round "4"]
[White "Krtouš, Zdenìk"]
[Black "Thomasson, Staffan"]
[Result "1-0"]
[ECO "B06"]
[WhiteElo "2025"]
[BlackElo "1931"]
[Annotator ",Martin"]
[PlyCount "69"]
[TimeControl "240+2"]

1. e4 g6 2. d4 Bg7 3. Nc3 d6 4. Be3 a6 5. Qd2 Nd7 6. h4
Ngf6 7. Be2 h5 8. Nh3 b5 9. Ng5 Bb7 10. f3 c5 11. dxc5 Nxc5 12. Bxc5 dxc5 13.
Qxd8+ Rxd8 14. e5 Nd5 15. e6 Bxc3+ 16. bxc3 fxe6 17. Nxe6 Rc8 18. Bd3 Kd7 19.
Ng5 Nf4 20. Kf2 Nxd3+ 21. cxd3 e5 22. Rhe1 Rhe8 23. Nf7 c4 24. dxc4 Rc5 25.
Rad1+ Kc7 26. Nd6 Re7 27. cxb5 Rxc3 28. Nxb7 Kxb7 29. bxa6+ Kxa6 30. Rd6+ Kb5
31. Rxg6 Rc2+ 32. Kg3 Rxa2 33. Rg5 Kc4 34. Rexe5 Rd7 35. Rc5+ neèitelné 1-0

[Event "International chess holiday M11"]
[Site "Praha"]
[Date "2012.07.17"]
[Round "4"]
[White "Manigh, Sebastian"]
[Black "Beckmann, Klaus"]
[Result "1/2-1/2"]
[ECO "E05"]
[WhiteElo "2175"]
[BlackElo "2040"]
[Annotator ",Martin"]
[PlyCount "126"]
[TimeControl "240+2"]

1. d4 Nf6 2. c4 e6 3. g3 d5 4. Nf3 Be7 5. Bg2 O-O 6. O-O
dxc4 7. Qc2 a6 8. Qxc4 b5 9. Qc2 Bb7 10. Bd2 Be4 11. Qc1 Nbd7 12. Ba5 Ra7 13.
Nbd2 Bd5 14. b4 Bd6 15. Re1 Ne4 16. Nxe4 Bxe4 17. Nd2 Bxg2 18. Kxg2 e5 19. d5
f5 20. f3 e4 21. fxe4 f4 22. Nf3 Qe7 23. Qd2 Qxe4 24. Qd4 Qe3 25. gxf4 Bxf4 26.
Qxe3 Bxe3 27. Rad1 Nb6 28. Bxb6 cxb6 29. Rd3 Re8 30. Nd4 Bxd4 31. Rxd4 Re3 32.
Kf2 Ra3 33. Rd2 Rf7+ 34. Kg2 Re3 35. Rc1 Rd7 36. Rc6 Re5 37. d6 a5 38. Rxb6
axb4 39. Kf2 Kf7 40. Rd4 Ke6 41. Rxb4 Rxd6 42. R4xb5 Rxb5 43. Rxb5 Ra6 44. Rb2
Ra3 45. e3 Ke5 46. Kf3 Kf5 47. Rg2 g5 48. Rc2 h5 49. Rb2 g4+ 50. Kf2 h4 51. Rc2
Ke4 52. Rc4+ Kf5 53. Rc2 Ke4 54. Rb2 g3+ 55. hxg3 hxg3+ 56. Kxg3 Kxe3 57. Kg4
Kd4 58. Kf4 Kc3 59. Rh2 Kb4 60. Ke4 Rg3 61. Rh8 Ra3 62. Rh2 Ka4 63. Rb2 Ka5
1/2-1/2

[Event "International chess holiday K11"]
[Site "Praha"]
[Date "2012.07.15"]
[Round "1"]
[White "Rüll, Michael"]
[Black "Hadžala, Daniel"]
[Result "0-1"]
[ECO "C00"]
[WhiteElo "1828"]
[BlackElo "2126"]
[Annotator ",Martin"]
[PlyCount "114"]
[TimeControl "240+2"]

1. e4 e6 2. d3 d5 3. Nd2 Nf6 4. Ngf3 Be7 5. g3 c5 6. Bg2
Nc6 7. O-O b6 8. Re1 Bb7 9. e5 Nd7 10. Nf1 Qc7 11. Bf4 h6 12. h4 O-O-O 13. c3
Rdg8 14. d4 g5 15. Be3 gxh4 16. Nxh4 Bxh4 17. gxh4 Qd8 18. Qh5 Rg6 19. Kh2 Rhg8
20. Bh3 Qe8 21. Nd2 f6 22. Qe2 fxe5 23. dxe5 Ncxe5 24. Rg1 Rxg1 25. Rxg1 Rxg1
26. Kxg1 Qg6+ 27. Kh2 Qf6 28. f4 d4 29. cxd4 cxd4 30. fxe5 Qxe5+ 31. Kg1 Qg3+
32. Bg2 dxe3 33. Nc4 Qxg2+ 34. Qxg2 Bxg2 35. Kxg2 Kc7 36. Nxe3 Nf6 37. Kf3 Kd6
38. b3 b5 39. a4 bxa4 40. bxa4 Kc5 41. Ng2 e5 42. Ne3 a5 43. h5 Kb4 44. Nf5
Kxa4 45. Nxh6 Kb3 46. Ng4 e4+ 47. Kf4 Nxh5+ 48. Kxe4 a4 49. Kd3 Nf4+ 50. Kd2 a3
51. Ne3 Nd5 52. Nc2 a2 53. Na1+ Kb2 54. Kd1 Ne3+ 55. Kd2 Nc4+ 56. Kd1 Na5 57.
Kd2 Nb3+ 0-1

[Event "International chess holiday K11"]
[Site "Praha"]
[Date "2012.07.15"]
[Round "1"]
[White "Plesník, Miroslav"]
[Black "Careaga Penaloza, Roner-Daniel"]
[Result "1/2-1/2"]
[ECO "D53"]
[WhiteElo "1907"]
[BlackElo "1764"]
[Annotator ",Martin"]
[PlyCount "99"]
[TimeControl "240+2"]

1. d4 d5 2. Nf3 Nf6 3. c4 e6 4. Nc3 Be7 5. Bg5 Nc6 6. e3
O-O 7. Bd3 Nb4 8. Bb1 dxc4 9. Ne5 Nd3+ 10. Nxd3 cxd3 11. Qxd3 g6 12. O-O Re8
13. Rd1 Nh5 14. Bxe7 Qxe7 15. a3 c6 16. Qc4 Bd7 17. Ne4 b6 18. b4 Nf6 19. Nxf6+
Qxf6 20. Be4 a6 21. Rac1 Rec8 22. Qe2 Qe7 23. Rc3 Ra7 24. Rdc1 c5 25. dxc5 bxc5
26. Rxc5 Rxc5 27. Rxc5 Bb5 28. Qc2 Rd7 29. a4 Qd6 30. g3 Qd1+ 31. Qxd1 Rxd1+
32. Kg2 Bxa4 33. Bc6 Bxc6+ 34. Rxc6 Rb1 35. Rb6 Kg7 36. g4 Ra1 37. Kf3 a5 38.
Ra6 a4 39. b5 Rb1 40. Rxa4 Rxb5 41. h4 h5 42. g5 Rc5 43. Kg3 f5 44. gxf6+ Kxf6
45. f4 Rc1 46. Ra2 Re1 47. Kf2 Rh1 48. Kg3 Re1 49. Kf2 Rh1 50. Kg3 1/2-1/2

[Event "International chess holiday K11"]
[Site "Praha"]
[Date "2012.07.15"]
[Round "1"]
[White "Vítek, Jan"]
[Black "Fitzke, Ulrich"]
[Result "1/2-1/2"]
[ECO "B50"]
[WhiteElo "1970"]
[BlackElo "2015"]
[Annotator ",Martin"]
[PlyCount "63"]
[TimeControl "240+2"]

1. e4 c5 2. Nf3 Nc6 3. Bc4 d6 4. c3 g6 5. Bb3 Bg7 6. d3
Nf6 7. Be3 O-O 8. Nbd2 Qc7 9. Nf1 Ng4 10. Bg5 Bd7 11. h3 Nf6 12. Ng3 Rae8 13.
Qd2 e6 14. O-O Na5 15. Bc2 Nc6 16. Bh6 d5 17. Bxg7 Kxg7 18. d4 cxd4 19. cxd4
dxe4 20. Nxe4 Nxe4 21. Bxe4 Ne7 22. Rac1 Qb8 23. Rc3 Rc8 24. Rfc1 Rxc3 25. Rxc3
Rc8 26. Qc1 f5 27. Bb1 Nd5 28. Rxc8 Qxc8 29. Qxc8 Bxc8 30. g3 Bd7 31. Ne5 Bb5
32. Bd3 1/2-1/2

[Event "International chess holiday K11"]
[Site "Praha"]
[Date "2012.07.15"]
[Round "1"]
[White "Schunke, Oliver"]
[Black "Franìk, Jan"]
[Result "1-0"]
[ECO "A00"]
[WhiteElo "1834"]
[BlackElo "1965"]
[Annotator ",Martin"]
[PlyCount "65"]
[TimeControl "240+2"]

1. Nc3 d5 2. e4 d4 3. Nce2 Nc6 4. Ng3 g6 5. Nf3 Bg7 6. Bc4
Nf6 7. h3 O-O 8. d3 Na5 9. Bb3 c5 10. O-O Qc7 11. Bd2 Ne8 12. Nh4 Bf6 13. Nf3
e5 14. Nh2 Bh4 15. Nf3 Bf6 16. Nh2 Nxb3 17. axb3 Bh4 18. Nf3 Be7 19. Qe2 Ng7
20. Bh6 Bd7 21. Nh2 f5 22. exf5 Bxf5 23. Ne4 Bxe4 24. Qxe4 Rf7 25. Bxg7 Kxg7
26. Ng4 Bd6 27. f3 a5 28. Rfe1 Re8 29. Qe2 b5 30. Qd2 c4 31. Qh6+ Kh8 32. Re4
cxd3 33. cxd3 1-0 neèitelné

[Event "International chess holiday K11"]
[Site "Praha"]
[Date "2012.07.15"]
[Round "1"]
[White "Forman, Miroslav"]
[Black "Bjerre, Tavs"]
[Result "0-1"]
[ECO "A05"]
[WhiteElo "1919"]
[BlackElo "1990"]
[Annotator ",Martin"]
[PlyCount "102"]
[TimeControl "240+2"]

1. Nf3 Nf6 2. b3 g6 3. Bb2 Bg7 4. g4 d6
5. g5 Nh5 6. Bxg7 Nxg7 7. Bg2 e5 8. Nc3 h6 9. d4 exd4 10. Qxd4 Kf8 11. gxh6
Rxh6 12. Qf4 Rh5 13. O-O-O Nc6 14. e4 Be6 15. h4 Qe7 16. Ng5 Re8 17. Bf3 Rh8
18. Rdg1 Nh5 19. Bxh5 Rxh5 20. Ne2 Ne5 21. Ng3 Rh8 22. h5 Kg7 23. h6+ Kf8 24.
Ne2 c5 25. Nc3 c4 26. b4 b5 27. a3 Rb8 28. Rd1 Ke8 29. Qd2 Rb6 30. f4 Ng4 31.
Rhe1 Qf6 32. e5 dxe5 33. Nce4 Qxf4 34. Nd6+ Ke7 35. Qxf4 exf4 36. Ndxf7 Rxh6
37. Nxh6 Nxh6 38. Rd4 Kf6 39. Ne4+ Ke5 40. c3 Nf5 41. Nc5+ Ne3 42. Re4+ Kf5 43.
Kd2 g5 44. Ke2 Bf7 45. Kf2 Bd5 46. Re8 g4 47. Rf8+ Rf6 48. Rxf6+ Kxf6 49. Rxe3
fxe3+ 50. Kxe3 g3 51. Nd7+ Kf5 0-1

[Event "International chess holiday K11"]
[Site "Praha"]
[Date "2012.07.15"]
[Round "2"]
[White "Fitzke, Ulrich"]
[Black "Plesník, Miroslav"]
[Result "1/2-1/2"]
[ECO "E14"]
[WhiteElo "2015"]
[BlackElo "1907"]
[Annotator ",Martin"]
[PlyCount "53"]
[TimeControl "240+2"]

1. d4 d5 2. c4 e6 3. Nc3 Nf6 4. e3 Be7 5. Nf3 O-O 6. Bd3
b6 7. O-O Bb7 8. Qe2 Nbd7 9. cxd5 exd5 10. Ba6 Bxa6 11. Qxa6 c5 12. b3 cxd4 13.
Nxd4 Qc8 14. Qd3 Nc5 15. Qd2 Rd8 16. Bb2 Nce4 17. Qd3 Nxc3 18. Bxc3 Ne4 19. Bb2
Bf6 20. Rac1 Qd7 21. f3 Nc5 22. Qd2 Rac8 23. Rc2 Ne6 24. Rfc1 Rxc2 25. Qxc2
Nxd4 26. Bxd4 Bxd4 27. exd4 1/2-1/2

[Event "International chess holiday K11"]
[Site "Praha"]
[Date "2012.07.15"]
[Round "2"]
[White "Careaga Penaloza, Roner-Daniel"]
[Black "Ruell, Michael"]
[Result "0-1"]
[ECO "B59"]
[WhiteElo "1764"]
[BlackElo "1828"]
[Annotator ",Martin"]
[PlyCount "92"]
[TimeControl "240+2"]

1. e4 c5 2. Nf3 Nc6 3. d4 cxd4 4. Nxd4 e5 5. Nb3 Be7 6.
Nc3 Nf6 7. Be2 O-O 8. Be3 d6 9. f3 Be6 10. Qd2 d5 11. Nxd5 Nxd5 12. exd5 Qxd5
13. O-O Rfd8 14. Qxd5 Bxd5 15. Nc5 Nd4 16. Bxd4 exd4 17. Nd3 Rac8 18. Rfc1 Re8
19. Bf1 Bd6 20. c3 dxc3 21. bxc3 Rc7 22. Nf2 Bf4 23. Re1 Rec8 24. c4 Bxc4 25.
Bxc4 Rxc4 26. Nd3 Bd6 27. Rac1 Rxc1 28. Rxc1 Rxc1+ 29. Nxc1 Kf8 30. Kf2 Ke7 31.
h3 Kd7 32. Ke2 Kc6 33. Kd3 Kb5 34. Kc3 Ka4 35. Kb2 Ba3+ 36. Kb1 Bxc1 37. Kxc1
Kb4 38. Kd2 Ka3 39. Kd3 Kxa2 40. Kc4 Kb2 41. f4 a5 42. Kb5 b6 43. Ka4 Kc3 44.
g4 Kc4 45. h4 b5+ 46. Kxa5 b4 0-1

[Event "International chess holiday K11"]
[Site "Praha"]
[Date "2012.07.15"]
[Round "2"]
[White "Forman, Miroslav"]
[Black "Vítek, Jan"]
[Result "1-0"]
[ECO "A06"]
[WhiteElo "1919"]
[BlackElo "1970"]
[Annotator ",Martin"]
[PlyCount "97"]
[TimeControl "240+2"]

1. Nf3 Nf6 2. b3 d5 3. Bb2 c5 4. e3 Nc6 5. Bb5 Bd7 6. O-O
e6 7. d3 Qc7 8. Bxc6 Bxc6 9. Ne5 Bd6 10. f4 Rg8 11. Nd2 Nd7 12. Ndf3 f6 13.
Nxc6 Qxc6 14. c4 g5 15. cxd5 exd5 16. Rc1 gxf4 17. Nd4 Qb6 18. Qh5+ Kd8 19.
Qxd5 Rg6 20. Ne6+ Ke7 21. exf4 Qc6 22. Qxc6 bxc6 23. Rce1 Kf7 24. f5 Rh6 25. g3
Rg8 26. Kg2 Rh4 27. Re4 Rxe4 28. dxe4 h5 29. Kf3 h4 30. Nf4 hxg3 31. hxg3 Ne5+
32. Bxe5 Bxe5 33. Rd1 Bxf4 34. Kxf4 Ke7 35. Rh1 Rg7 36. Rh8 Kd6 37. Rf8 Ke7 38.
Ra8 Kd6 39. g4 Rh7 40. Re8 Rh6 41. Re6+ Kd7 42. e5 fxe5+ 43. Rxe5 Kd6 44. Re2
a5 45. Kg5 Rh3 46. Kf6 a4 47. bxa4 c4 48. g5 c3 49. g6 1-0